 Dungeon Crawl Stone Soup version 0.31.0-9-g3a7656b989 (webtiles) character file.

Game seed: 7307642764362828916

2347 qw the Skirmisher (level 9, -4/44 HPs)
             Began as a Spriggan Hunter on Feb 2, 2024.
             Was a Follower of Okawaru.
             Slain by a gnoll sergeant
             ... wielding a +0 spear
              (6 damage)
             ... on level 7 of the Dungeon.
             The game lasted 00:00:34 (5795 turns).

qw the Skirmisher (Spriggan Hunter)                 Turns: 5795, Time: 00:00:34

Health: -4/44      AC:  9    Str:  5    XL:     9   Next: 20%
Magic:  11/11      EV: 19    Int: 10    God:    Okawaru [*.....]
Gold:   274        SH:  0    Dex: 23    Spells: 8/8 levels left

rFire   . . .        a - +0 shortbow
rCold   . . .        (shield currently unavailable)
rNeg    . . .        o - +1 swamp dragon scales
rPois   +            (helmet restricted)
rElec   .            (no cloak)
rCorr   .            (gloves unavailable)
SInv    +            (boots unavailable)
Will    +....        (no amulet)
Stlth   ++           (no ring)
HPRegen 0.27/turn    (no ring)
MPRegen 0.12/turn

%: no passive effects
@: very quick
A: very small, no large weapons, unfitting armour, see invisible, speed 3,
talons 1, shaggy fur 1, weak 1
a: Renounce Religion, Heroism


You were on level 7 of the Dungeon.
You worshipped Okawaru.
Okawaru was aware of your devotion.
You visited 2 branches of the dungeon, and saw 8 of its levels.

You collected 449 gold pieces.
You spent 175 gold pieces at shops.


Innate Abilities, Weirdness & Mutations

You are very small and have problems with some larger weapons.
You are too small for most types of armour.
You have supernaturally acute eyesight. (SInv)
You cover ground extremely quickly. (Speed+++)
You have sharp toenails.
You are covered in fur. (AC +1)
You are weak. (Str -2)


   Skills:
 - Level 3.6 Fighting
 + Level 9.7 Ranged Weapons
 - Level 1.0 Armour
 - Level 9.5 Dodging
 - Level 1.5 Stealth
 + Level 2.3 Invocations


You had 8 spell levels left.
You didn't know any spells.
Your spell library was empty.

Inventory:

Hand Weapons
 a - a +0 shortbow (weapon)
Armour
 o - +1 swamp dragon scales (worn)
Jewellery
 k - a ring of ice
Wands
 i - a wand of paralysis (1)
 p - a wand of polymorph (4)
Potions
 b - 2 potions of resistance
 d - a potion of mutation
 e - a potion of enlightenment
 f - a potion of magic
 h - 2 potions of curing
 l - a potion of might {unknown}
 n - a potion of degeneration {unknown}

Dungeon Overview and Level Annotations

Branches:
Dungeon (7/15)             Temple (1/1) D:6

Altars:
Ashenzari
Dithmenos
Elyvilon
Fedhas
Gozag
Makhleb
Okawaru
Sif Muna
Trog
Uskayaw
Vehumet
Xom
Yredelemnul
Zin
The Shining One

Shops:
D:4 *   D:5 *   D:7 :*

Annotations:
D:2 1 runed translucent door, Crazy Yiuf


Message History

You shoot an arrow. The arrow hits the hound.
The hound is heavily wounded.
The hound completely misses you. The gnoll barely misses you.
The hound closely misses you.
You shoot an arrow. The arrow completely misses the hound.
The hound closely misses you. x2
You shoot an arrow. The arrow barely misses the hound.
The hound bites you but does no damage.
You shoot an arrow. The arrow hits the hound!
The hound is almost dead.
The hound bites you. The gnoll sergeant closely misses you.
The gnoll misses you. The hound bites you but does no damage.
You shoot an arrow. The arrow barely misses the hound.
The hound completely misses you. The gnoll sergeant misses you.
The gnoll hits you but does no damage. The hound bites you.
The gnoll sergeant completely misses you.
The gnoll barely misses you.
You shoot an arrow.
The arrow hits the hound but does no damage.
The hound is almost dead.
The hound bites you. The gnoll sergeant closely misses you.
The gnoll hits you from afar with a +0 spear.
You shoot an arrow. The arrow closely misses the hound.
The hound misses you. x2
The gnoll sergeant hits you from afar with a +0 spear.
The gnoll completely misses you.
You shoot an arrow.
The arrow hits the hound but does no damage.
The hound is almost dead.
The hound misses you. The gnoll barely misses you.
The gnoll sergeant barely misses you. The hound bites you.
You shoot an arrow. The arrow hits the hound!
You kill the hound!
Okawaru accepts your kill. The gnoll hits you but does no damage.
The gnoll sergeant misses you.
You shoot an arrow. The arrow hits the gnoll.
The gnoll is severely wounded.
The gnoll hits you but does no damage.
The gnoll sergeant hits you from afar with a +0 spear.
You die...

#.... #.....
..........
..##. .........
.## ........
....... #....##
. ###.....#
....#g.%...####
#ggg.@...)...
#.##.........
#....$...\.
....#..##...
#...# ### ..
###. . .. #..


You could see a gnoll sergeant and 3 gnolls.

Vanquished Creatures
  Maggie (D:6)
  Prince Ribbit (D:6)
  Eustachio (D:5)
  Menkaure (D:6)
  An ice beast (D:5)
  An ogre (D:6)
  A centaur (D:5)
  A phantom (D:7)
  2 kobold brigands (D:7)
  A bullfrog (D:4)
  A scorpion (D:5)
  5 wights (D:5)
  4 hounds
  2 orc priests
  3 bombardier beetles
  3 jellies
  Jessica (D:2)
  Ijyb (D:4)
  3 iguanas
  3 orc wizards
  6 adders
  3 gnolls (D:5)
  A white imp (D:6)
  2 ufetubi (D:6)
  2 dart slugs
  3 ribbon worms
  16 orcs
  5 ball pythons
  2 bats
  5 endoplasms
  5 giant cockroaches
  6 goblins
  8 hobgoblins
  7 jackals
  12 kobolds
  2 quokkas
  5 frilled lizards
  6 rats
133 creatures vanquished.

Notes
Turn   | Place    | Note
-------+----------+-------------------------------------------
     0 | D:1      | qw the Spriggan Hunter began the quest for the Orb.
     0 | D:1      | Reached XP level 1. HP: 10/10 MP: 2/2
     0 | D:1      | 0 ||| qw: Version: 0.3-a-155-g5e7d8dd
     0 | D:1      | 0 ||| qw: Game counter: 1430
     0 | D:1      | 0 ||| qw: Melee chars always use a shield: true
     0 | D:1      | 0 ||| qw: God list: Okawaru
     0 | D:1      | 0 ||| qw: Allow faded altars: false
     0 | D:1      | 0 ||| qw: Do Orc after clearing Dungeon:15 true
     0 | D:1      | 0 ||| qw: Do second Lair branch before Depths: true
     0 | D:1      | 0 ||| qw: Lair rune preference: random
     0 | D:1      | 0 ||| qw: Goals: Normal
     0 | D:1      | 0 ||| PLANNING D:1-11
    40 | D:1      | Reached skill level 3 in Dodging
    55 | D:1      | Reached XP level 2. HP: 7/14 MP: 3/3
   661 | D:1      | 661 ||| READING 2 scrolls labelled NAHOSI DUMMO.
   661 | D:1      | 661 ||| IDENTIFYING golden potion
   662 | D:1      | 662 ||| READING scroll of identify.
   662 | D:1      | 662 ||| IDENTIFYING emerald potion
   663 | D:1      | 663 ||| READING scroll labelled LAIB NAZXE.
   663 | D:1      | 663 ||| ENCHANTING +0 shortbow.
   664 | D:1      | 664 ||| DRINKING 2 red potions.
   664 | D:1      | Gained mutation: You are weak. (Str -2) [potion of
                  | mutation]
   664 | D:1      | Gained mutation: You are covered in fur. (AC +1) [potion of
                  | mutation]
   664 | D:1      | Gained mutation: You have sharp toenails. [potion of
                  | mutation]
   665 | D:1      | 665 ||| DROPPING scroll of butterflies.
   735 | D:2      | 735 ||| FLEEEEING.
   736 | D:2      | 736 ||| FLEEEEING.
   765 | D:2      | Reached XP level 3. HP: 18/18 MP: 4/4
   809 | D:2      | Identified the orb of Discretion {light, Rampage}
   927 | D:2      | Found a runed translucent door.
   928 | D:2      | Noticed Crazy Yiuf
   994 | D:2      | 994 ||| FLEEEEING.
   996 | D:2      | 996 ||| FLEEEEING.
   997 | D:2      | 997 ||| FLEEEEING.
  1096 | D:2      | Noticed Jessica
  1099 | D:2      | Killed Jessica
  1100 | D:2      | Reached XP level 4. HP: 22/22 MP: 5/5
  1193 | D:2      | 1193 ||| READING scroll labelled KAPAIL URULY.
  1194 | D:2      | 1194 ||| READING scroll labelled LIONTE TINTOCS.
  1195 | D:2      | 1195 ||| READING scroll labelled ZASYSO MEGUKI.
  1197 | D:2      | 1197 ||| Stepping ~*~*~tactically~*~*~ (cloud).
  1205 | D:2      | HP: 5/22 [poisoned by you (poison gas)]
  1598 | D:3      | You fall into a shaft and drop 1 floor!
  1612 | D:4      | Noticed Ijyb
  1612 | D:4      | Paralysed by Ijyb for 5 turns
  1628 | D:4      | Paralysed by Ijyb for 4 turns
  1635 | D:4      | HP: 3/22 [Ijyb/+0 club (5)]
  1639 | D:4      | HP: 1/22 [Ijyb/+0 club (3)]
  1640 | D:4      | Killed Ijyb
  1742 | D:4      | 1742 ||| READING scroll of identify.
  1742 | D:4      | 1742 ||| IDENTIFYING 2 fizzy red potions
  2068 | D:3      | Reached XP level 5. HP: 26/26 MP: 6/6
  2078 | D:3      | HP: 6/26 [orc/+0 short sword (4)]
  2411 | D:3      | 2411 ||| READING scroll of identify.
  2411 | D:3      | 2411 ||| IDENTIFYING fuming inky potion
  2412 | D:3      | 2412 ||| READING scroll labelled YXOELO IRRIAT.
  2413 | D:3      | 2413 ||| DROPPING potion of attraction.
  2773 | D:4      | Reached skill level 6 in Ranged Weapons
  2927 | D:4      | Found Koeczeu's Assorted Antiques.
  2936 | D:4      | 2936 ||| BUYING fizzy yellow potion (20 gold).
  2936 | D:4      | Bought a fizzy yellow potion for 20 gold pieces
  2936 | D:4      | 2936 ||| BUYING potion of curing (69 gold).
  2936 | D:4      | Bought a potion of curing for 69 gold pieces
  2936 | D:4      | 2936 ||| BUYING puce potion (20 gold).
  2936 | D:4      | Bought a puce potion for 20 gold pieces
  2936 | D:4      | 2936 ||| BUYING purple potion (20 gold).
  2936 | D:4      | Bought a purple potion for 20 gold pieces
  2936 | D:4      | 2936 ||| SHOPLISTING runed shortbow (138 gold, have 98).
  2936 | D:4      | 2936 ||| BUYING scroll labelled AHOAPU ROOT (23 gold).
  2936 | D:4      | Bought a scroll labelled AHOAPU ROOT for 23 gold pieces
  2936 | D:4      | 2936 ||| BUYING scroll labelled WEUGEKL MIZU (23 gold).
  2936 | D:4      | Bought a scroll labelled WEUGEKL MIZU for 23 gold pieces
  3042 | D:4      | Reached XP level 6. HP: 30/30 MP: 7/7
  3084 | D:4      | 3084 ||| READING scroll labelled AHOAPU ROOT.
  3185 | D:4      | 3185 ||| READING scroll labelled WEUGEKL MIZU.
  3257 | D:5      | Entered Level 5 of the Dungeon
  3298 | D:5      | Reached skill level 6 in Dodging
  3314 | D:5      | Noticed Eustachio
  3315 | D:5      | 3315 ||| ZAPPING wand of flame (21) at -7,-3 (Eustachio;
                  | floor).
  3316 | D:5      | 3316 ||| ZAPPING wand of flame (20) at -6,-3 (Eustachio;
                  | floor).
  3317 | D:5      | 3317 ||| ZAPPING wand of flame (19) at -5,-3 (Eustachio;
                  | floor).
  3320 | D:5      | 3320 ||| ZAPPING wand of flame (18) at -3,-3 (Eustachio;
                  | floor).
  3323 | D:5      | 3323 ||| ZAPPING wand of flame (17) at -1,-1 (Eustachio;
                  | floor).
  3324 | D:5      | 3324 ||| ZAPPING wand of flame (16) at -1,-1 (Eustachio;
                  | floor).
  3325 | D:5      | 3325 ||| ZAPPING wand of flame (15) at -3,-2 (Eustachio;
                  | floor).
  3326 | D:5      | 3326 ||| ZAPPING wand of flame (14) at -2,-1 (Eustachio;
                  | floor).
  3328 | D:5      | 3328 ||| ZAPPING wand of flame (13) at -7,-5 (Eustachio;
                  | floor).
  3329 | D:5      | 3329 ||| ZAPPING wand of flame (12) at -6,-5 (Eustachio;
                  | floor).
  3337 | D:5      | 3337 ||| FLEEEEING.
  3342 | D:5      | 3342 ||| ZAPPING wand of flame (11) at -3,-4 (Eustachio;
                  | floor).
  3345 | D:5      | 3345 ||| ZAPPING wand of flame (10) at -1,-2 (Eustachio;
                  | floor).
  3346 | D:5      | 3346 ||| ZAPPING wand of flame (9) at -1,-2 (Eustachio;
                  | floor).
  3347 | D:5      | 3347 ||| ZAPPING wand of flame (8) at 0,-1 (Eustachio;
                  | floor).
  3347 | D:5      | Killed Eustachio
  3359 | D:5      | Found a shimmering altar of Xom.
  3539 | D:5      | Noticed an ice beast
  3540 | D:5      | 3540 ||| ZAPPING wand of paralysis (7) at 1,-1 (ice beast;
                  | floor).
  3541 | D:5      | 3541 ||| ZAPPING wand of paralysis (6) at 1,-1 (ice beast;
                  | floor).
  3542 | D:5      | 3542 ||| ZAPPING wand of paralysis (5) at 1,-1 (ice beast;
                  | floor).
  3543 | D:5      | 3543 ||| ZAPPING wand of paralysis (4) at 1,-1 (ice beast;
                  | floor).
  3548 | D:5      | Killed an ice beast
  3549 | D:5      | Reached XP level 7. HP: 31/35 MP: 8/8
  3683 | D:5      | Found Suhefeps's Elemental Accessories.
  3898 | D:5      | Reached XP level 8. HP: 24/39 MP: 9/9
  4027 | D:5      | Found a bloodstained altar of Trog.
  4174 | D:5      | Identified the +5 long sword of Disorder {pain, rC++}
  4322 | D:5      | 4322 ||| READING 2 scrolls labelled PAUFIA TICLE.
  4325 | D:5      | 4325 ||| DRINKING 2 puce potions.
  4326 | D:5      | 4326 ||| DROPPING potion of brilliance.
  4528 | D:6      | Noticed Menkaure
  4532 | D:6      | 4532 ||| STAIRDANCE
  4608 | D:6      | Killed Menkaure
  4609 | D:6      | Reached skill level 3 in Fighting
  4724 | D:6      | Noticed Maggie
  4725 | D:6      | 4725 ||| ZAPPING wand of paralysis (3) at -6,-2 (Maggie;
                  | floor).
  4740 | D:6      | 4740 ||| READING scroll of teleportation.
  4742 | D:6      | Found a staircase to the Ecumenical Temple.
  4743 | D:6      | 4743 ||| PLANNING TEMPLE
  4743 | D:6      | 4743 ||| FLEEEEING to unexplored (badform).
  4770 | D:6      | 4770 ||| DROPPING ring of flight.
  4771 | D:6      | 4771 ||| READING scroll of identify.
  4771 | D:6      | 4771 ||| IDENTIFYING fizzy yellow potion
  4772 | D:6      | 4772 ||| DROPPING potion of lignification.
  4778 | Temple   | Entered the Ecumenical Temple
  4779 | Temple   | 4779 ||| PLANNING OKAWARU WORSHIP
  4798 | Temple   | Became a worshipper of Warmaster Okawaru
  4799 | Temple   | 4799 ||| PLANNING D:1-11
  4880 | D:6      | Killed Maggie
  4881 | D:6      | Reached skill level 9 in Ranged Weapons
  5086 | D:6      | Noticed Prince Ribbit
  5087 | D:6      | 5087 ||| ZAPPING wand of paralysis (2) at -7,-3 (Prince
                  | Ribbit; floor).
  5095 | D:6      | Killed Prince Ribbit
  5095 | D:6      | Reached * piety under Okawaru
  5096 | D:6      | Reached skill level 9 in Dodging
  5096 | D:6      | Reached XP level 9. HP: 44/44 MP: 10/10
  5355 | D:6      | Found a burning altar of Makhleb.
  5417 | D:6      | Found a broken altar of Ashenzari.
  5421 | D:6      | 5421 ||| UPGRADING to +0 swamp dragon scales.
  5431 | D:6      | 5431 ||| DROPPING +0 robe.
  5432 | D:6      | 5432 ||| READING scroll of enchant armour.
  5432 | D:6      | 5432 ||| ENCHANTING +0 swamp dragon scales.
  5433 | D:6      | 5433 ||| READING scroll of identify.
  5433 | D:6      | 5433 ||| IDENTIFYING inky potion
  5434 | D:6      | 5434 ||| DROPPING wand of flame (7).
  5594 | D:7      | Reached skill level 1 in Invocations
  5619 | D:7      | Found Xoiss's Book Boutique.
  5635 | D:7      | Reached skill level 1 in Armour
  5776 | D:7      | HP: 10/44 [hound (3)]
  5777 | D:7      | 5777 ||| READING scroll of teleportation.
  5779 | D:7      | Found Ockeh's Lightly-Used Armoury.
  5789 | D:7      | HP: 11/44 [hound (3)]
  5791 | D:7      | HP: 4/44 [gnoll/+0 spear[a gnoll sergeant] (4)]
  5795 | D:7      | Slain by a gnoll sergeant

Levels and vault maps discovered:
D:1:      amcnicky_arrival_choice, layout_loops_cross, feat_on_display
D:2:      layout_rooms, uniq_jessica, uniq_crazy_yiuf_cottage
D:3:      layout_loops_corners
D:4:      layout_gridville, serial_shops, nicolae_shop_advertising_works
          [nicolae_subvault_shop_adworks], uniq_ijyb
D:5:      layout_basic, mainiacjoe_overflow_catwalk,
          mainiacjoe_overflow_concentric_impassable, nicolae_elemental_shop,
          uniq_eustachio
D:6:      layout_gridville, lemuel_coloured_pillars_altar,
          nicolae_overflow_hidden_temple, minmay_temple_entry_grid,
          uniq_prince_ribbit1, uniq_menkaure, uniq_maggie
D:7:      layout_cave_pools, jmf_multi_god_temple,
          nicolae_hepliaklqana_monster_ancestors, serial_shops,
          nicolae_shop_trees, minmay_shop_damaged, eino_curves_03,
          kennysheep_generic_room_5
Temple:   hellmonk_temple_of_storms

Skill      XL: |  1  2  3  4  5  6  7  8  9 |
---------------+----------------------------+-----
Dodging        | 3 4 5 6 8 9 |  9.5
Ranged Weapons | 5 6 7 8 9 |  9.7
Fighting       | 2 3 |  3.6
Invocations    | 2 |  2.3
Armour         | 1 |  1.0
Stealth        | |  1.5

Action                     |  1- 3 |  4- 6 |  7- 9 || total
---------------------------+-------+-------+-------++-------
  Melee: Unarmed           |       |       |    11 ||    11
   Fire: Shortbow          |   127 |   174 |   314 ||   615
  Evoke: Wand              |       |    18 |     2 ||    20
    Use: Scroll            |     3 |     8 |     6 ||    17
         Potion            |     1 |       |     1 ||     2
 Armour: Robe              |    23 |    36 |    15 ||    74
         Skin              |       |       |     1 ||     1
         Swamp dragon scal |       |       |    69 ||    69
  Dodge: Dodged            |    58 |   104 |   200 ||   362

Table legend:
 A = Non-vault XP
 B = Vault XP
 C = Vault XP percentage of total XP
 D = Non-vault monster count
 E = Vault monster count
 F = Vault count percentage of total count
                 A         B        C        D         E       F
            +---------+---------+-------+---------+---------+-------
      Total |    2234 |    1119 |  33.4 |     127 |       6 |   4.5
            +---------+---------+-------+---------+---------+-------
        D:1 |      35 |       0 |   0.0 |      20 |       0 |   0.0
        D:2 |      36 |      37 |  50.7 |      19 |       1 |   5.0
        D:3 |      97 |       0 |   0.0 |      21 |       0 |   0.0
        D:4 |     159 |      36 |  18.5 |      11 |       1 |   8.3
        D:5 |     956 |     188 |  16.4 |      20 |       1 |   4.8
        D:6 |     435 |     858 |  66.4 |      18 |       3 |  14.3
        D:7 |     516 |       0 |   0.0 |      18 |       0 |   0.0
            +---------+---------+-------+---------+---------+-------
